 Dungeon Crawl Stone Soup version 0.29.0-13-gc9e81de378 (webtiles) character file.

Game seed: 744401679407751712

36986 mdonais the Arsonist (level 13, -10/90 HPs)
             Began as an Octopode Cinder Acolyte on Sept 10, 2022.
             Was a High Priest of Ignis.
             Mangled by a two-headed ogre
             ... wielding a +0 giant club
              (29 damage)
             ... on level 2 of the Orcish Mines.
             The game lasted 01:19:33 (20655 turns).

mdonais the Arsonist (Octopode Cinder Acolyte)     Turns: 20655, Time: 01:19:33

Health: -10/90     AC:  7    Str: 18    XL:     13   Next: 93%
Magic:  35/35      EV: 13    Int: 36    God:    Ignis [*****.]
Gold:   651        SH:  4    Dex:  7    Spells: 9/30 levels left

rFire   + + +      SeeInvis .   G - +8 short sword of the Six Souls {elec, rCorr Str+3 Int+4}
rCold   x x .      Faith    .   r - +0 buckler
rNeg    . . .      Spirit   .   a - +2 hat
rPois   +          Reflect  .   (no amulet)
rElec   .          Harm     .   M - +6 ring of intelligence
rCorr   +          Rampage  .   i - +6 ring of intelligence
Will    .....      Clarity  +   E - +4 ring of protection
Stlth   ++++......              f - ring of protection from fire
HPRegen 0.25/turn               o - ring of poison resistance
MPRegen 0.24/turn               K - ring of fire
                                W - ring of magical power
                                L - ring of fire

@: no status effects
A: almost no armour, amphibious, 8 rings, camouflage 1, gelatinous body 1,
(nimble swimmer 1), tentacles, clarity, wild magic 1
a: Renounce Religion, Fiery Armour, Foxfire Swarm, Rising Flame


You were on level 2 of the Orcish Mines.
You worshipped Ignis.
Ignis was extremely pleased with you.
You visited 4 branches of the dungeon, and saw 17 of its levels.

You collected 1135 gold pieces.
You spent 484 gold pieces at shops.

Inventory:

Hand Weapons
 G - the +8 short sword of the Six Souls (weapon) {elec, rCorr Str+3 Int+4}
   (You found it on level 3 of the Lair of Beasts)

   It occasionally discharges a powerful burst of electricity upon striking a
   foe.
   Str:       It affects your strength (+3).
   Int:       It affects your intelligence (+4).
   rCorr:     It protects you from acid and corrosion.
Missiles
 t - 9 boomerangs
 x - 7 silver javelins (quivered)
 F - 2 curare-tipped darts
 O - 27 poisoned darts
 Z - 3 throwing nets {=!f}
Armour
 a - a +2 hat (worn)
   (You found it on level 4 of the Lair of Beasts)
 r - a +0 buckler (worn)
   (You took it off a gnoll sergeant on level 9 of the Dungeon)
 U - a +0 kite shield
   (You took it off a gnoll sergeant on level 10 of the Dungeon)
Magical Staves
 q - a staff of death
   (You found it on level 2 of the Dungeon)
 J - a staff of earth
   (You found it on level 5 of the Dungeon)
Jewellery
 f - a ring of protection from fire (on tentacle)
   (You took it off an orc priest on level 3 of the Dungeon)
 i - a +6 ring of intelligence (right tentacle)
   (You found it on level 1 of the Dungeon)
 n - a ring of ice
   (You took it off Fannar on level 2 of the Lair of Beasts)
 o - a ring of poison resistance (on tentacle)
   (You found it on level 7 of the Dungeon)
 v - a ring of ice
   (You found it on level 2 of the Lair of Beasts)
 E - a +4 ring of protection (on tentacle)
   (You found it on level 4 of the Dungeon)
 K - a ring of fire (on tentacle)
   (You found it on level 8 of the Dungeon)
 L - a ring of fire (on tentacle)
   (You found it on level 3 of the Dungeon)
 M - a +6 ring of intelligence (left tentacle)
   (You took it off a goblin on level 1 of the Dungeon)
 P - a ring of protection from fire
   (You found it on level 8 of the Dungeon)
 W - a ring of magical power (on tentacle)
   (You took it off a gnoll sergeant on level 10 of the Dungeon)
Wands
 b - a wand of mindburst (5)
   (You found it on level 2 of the Lair of Beasts)
 y - a wand of charming (15)
   (You found it on level 3 of the Dungeon)
 D - a wand of digging (1)
   (You found it on level 10 of the Dungeon)
 I - a wand of iceblast (11)
   (You took it off a gnoll on level 6 of the Dungeon)
 V - a wand of flame (50)
   (You took it off Ijyb on level 4 of the Dungeon)
Scrolls
 c - 3 scrolls of amnesia
 d - a scroll of immolation
 h - 2 scrolls of silence
 j - 3 scrolls of enchant armour
 w - a scroll of butterflies
 z - 2 scrolls of vulnerability
 B - a scroll of brand weapon
 T - 3 scrolls of teleportation
 X - a scroll of fear
Potions
 e - a potion of resistance
 g - 2 potions of lignification
 k - 3 potions of heal wounds
 l - a potion of flight
 m - a potion of berserk rage
 p - 2 potions of invisibility {unknown}
 s - 3 potions of mutation
 u - a potion of magic {unknown}
 A - 2 potions of might {unknown}
 C - 2 potions of ambrosia
 H - 2 potions of haste
 N - a potion of cancellation {unknown}
 Q - 7 potions of curing
 S - 2 potions of brilliance {unknown}
 Y - 2 potions of degeneration {unknown}


   Skills:
 - Level 9.0 Fighting
 - Level 3.0 Short Blades
 - Level 2.0 Throwing
 - Level 4.0 Dodging
 - Level 7.0 Stealth
 + Level 5.0 Shields
 - Level 9.0 Spellcasting
 - Level 8.0 Conjurations
 - Level 9.0 Summonings
 - Level 2.0 Transmutations
 - Level 12.0 Fire Magic
 - Level 2.0 Air Magic
 - Level 2.0 Earth Magic
 - Level 7.0 Evocations


You had 9 spell levels left.
You knew the following spells:

 Your Spells              Type           Power      Damage    Failure   Level
a - Scorch                Fire           100%       2d10      1%          2
b - Fireball              Conj/Fire      65%        3d25      3%          5
c - Call Canine Familiar  Summ           81%        N/A       1%          3
d - Starburst             Conj/Fire      65%        6d17      13%         6
e - Swiftness             Air            39%        N/A       7%          3
f - Passwall              Tmut/Erth      32%        N/A       4%          2

Your spell library contained the following spells:

 Spells                   Type           Power      Damage    Failure   Level
 Conjure Flame            Conj/Fire      100%       6-21      1%          3
 Sticky Flame             Conj/Fire      100%       2d11      1%          4
 Ignite Poison            Fire/Tmut/Pois 98%        N/A       3%          3
 Ensorcelled Hibernation  Hex/Ice        42%        N/A       8%          2
 Portal Projectile        Hex/Tloc       42%        N/A       14%         3
 Leda's Liquefaction      Hex/Erth       15%        N/A       30%         4
 Ignition                 Fire           70%        3d18      88%         8


Dungeon Overview and Level Annotations

Branches:
Dungeon (10/15) Zot: 24876  Temple (1/1) D:5 Zot: 5761    Lair (4/5) D:10 Zot: 18266
 Shoals (0/4) Lair:3       Spider (0/4) Lair:2          Orc (2/2) D:9 Zot: 10473
    Elf (0/3) Orc:2
  Slime: Lair:4-5

Altars:
Ashenzari
Cheibriados
Dithmenos
Elyvilon
Fedhas
Gozag
Hepliaklqana
Kikubaaqudgha
Makhleb
Nemelex Xobeh
Okawaru
Qazlal
Ru
Sif Muna
Trog
Uskayaw
Vehumet
Wu Jian
Xom
Yredelemnul
Zin
The Shining One

Shops:
D:6 *   D:8 *   Orc:1 [   Orc:2 [!:(

Annotations:
D:7 2 transporters, oldmanjim's ghost, novice HOFi
Lair:2 2 transporters, Mechanical's ghost, journeyman BaIE
Lair:3 1 runed translucent door, freelancePsychic's ghost, journeyman MeGl


Innate Abilities, Weirdness & Mutations

You cannot wear most types of armour.
You are amphibious.
You can wear up to eight rings at the same time.
Your skin changes colour to match your surroundings (Stealth+).
Your rubbery body absorbs attacks. (AC +1, EV +1)
((You are camouflaged when in or above water. (Stealth+)))
You have tentacles for arms and can constrict up to eight enemies at once.
You possess an exceptional clarity of mind.
Your spells are a little harder to cast, but a little more powerful.


Message History

You start resting.
HP restored.
Health restored: 90 You climb downwards.
An orc comes into view. It is wielding a +0 flail.
There is a stone staircase leading up here.
Casting: Fireball (dangerous; 3% risk of failure)
Confirm with . or Enter, or press ? or * to list all spells.
You now have 31/34 mp.
Casting: Call Canine Familiar (safe; 1% risk of failure)
Confirm with . or Enter, or press ? or * to list all spells.
You feel a strong surge of power!
Flames lash the orc.
You kill the orc!
You hear two shouts!
The ogre closely misses you.
The orc warrior shouts!
You now have 29/34 mp.
Casting: Scorch (safe; 1% risk of failure)
Confirm with . or Enter, or press ? or * to list all spells.
You feel a strong surge of power!
Flames lash the ogre.
The ogre is heavily wounded.
The ogre's fire resistance burns away.
You hear a howl!
You now have 27/34 mp.
Casting: Scorch (safe; 1% risk of failure)
Confirm with . or Enter, or press ? or * to list all spells.
You feel a strong surge of power!
Flames lash the ogre.
The ogre is burned terribly!
The ogre is almost dead.
Your warg bites the ogre!
The ogre dies!
You now have 26/34 mp.
Casting: Scorch (safe; 1% risk of failure)
Confirm with . or Enter, or press ? or * to list all spells.
Aiming: Fireball (dangerous; 3% risk of failure)
Press: ? - help, Shift-Dir - straight line You feel a strong surge of power!
The fireball explodes!
The fireball engulfs the orc!!!
You kill the orc!
The fireball engulfs the two-headed ogre!!
The two-headed ogre is severely wounded.
You hear a shout! x4; You hear a howl!
You hear a shout! x5
The two-headed ogre barely misses your warg. x2
Something misses your warg. Something hits your warg!
Your warg bites the two-headed ogre!
You now have 21/34 mp.
Casting: Fireball (dangerous; 3% risk of failure)
Confirm with . or Enter, or press ? or * to list all spells.
You feel a strong surge of power!
Flames lash the two-headed ogre.
The two-headed ogre is moderately wounded.
The two-headed ogre's fire resistance burns away.
Your warg completely misses the two-headed ogre.
You now have 19/34 mp.
Casting: Scorch (safe; 1% risk of failure)
Confirm with . or Enter, or press ? or * to list all spells.
You feel a strong surge of power!
Flames lash the orc.
You kill the orc!
The two-headed ogre hits your warg with a +0 giant spiked club!!
The two-headed ogre completely misses your warg.
Your warg bites the two-headed ogre but does no damage.
You now have 17/34 mp.
Casting: Scorch (safe; 1% risk of failure)
Confirm with . or Enter, or press ? or * to list all spells.
You feel a strong surge of power!
Flames lash the orc warrior.
The orc warrior is lightly wounded.
The orc warrior's fire resistance burns away.
You hear a shout!
Your warg bites the two-headed ogre!
The two-headed ogre dies!
A two-headed ogre comes into view. It is wielding two +0 giant clubs.
The orc warrior hits your warg with a +0 hand axe!
Your warg dies!
Your warg's corpse disappears in a puff of smoke!
The two-headed ogre shouts in stereo!
Training target 9.0 for Spellcasting reached!
Your Spellcasting skill increases to level 9!
You now have 15/35 mp.
You climb upwards.
There is a stone staircase leading down, spattered with blood here.
Casting: Scorch (safe; 1% risk of failure)
Confirm with . or Enter, or press ? or * to list all spells.
You block the two-headed ogre's attack. The two-headed ogre barely misses you.
You now have 13/35 mp.
Casting: Call Canine Familiar (safe; 1% risk of failure)
Confirm with . or Enter, or press ? or * to list all spells.
You feel a strong surge of power!
Flames lash the two-headed ogre.
The two-headed ogre is moderately wounded.
The two-headed ogre's fire resistance burns away.
You now have 12/35 mp.
The two-headed ogre attacks as you move away!
The two-headed ogre hits you with a +0 giant club!!
The two-headed ogre misses you.
Your warg barely misses the two-headed ogre.
The two-headed ogre hits your warg with a +0 giant club!!
The two-headed ogre hits your warg with a +0 giant club!
Your warg dies!
Your warg's corpse disappears in a puff of smoke!
You take 21 damage, and have 69/90 hp.
MASSIVE DAMAGE!!
Casting: Scorch (safe; 1% risk of failure)
Confirm with . or Enter, or press ? or * to list all spells.
You feel a strong surge of power!
Flames lash the two-headed ogre.
The two-headed ogre is burned terribly!
The two-headed ogre is severely wounded.
You now have 10/35 mp.
Casting: Scorch (safe; 1% risk of failure)
Confirm with . or Enter, or press ? or * to list all spells.
You feel a strong surge of power!
Flames lash the two-headed ogre.
The two-headed ogre is burned terribly!
You kill the two-headed ogre!
Training target 12.0 for Fire Magic reached!
Your Fire Magic skill increases to level 12!
You need to enable at least one skill for training.
You now have 8/35 mp.
Unknown command.
You start resting.
HP restored.
Health restored: 90 You regained 20 mp, and now have 28/35 mp.
There is a stone staircase leading down, spattered with blood here.
Magic restored.
Things that are here:
a +0 leather armour; a +0 whip
Things that are here:
a +0 scale mail; a +0 dagger of venom
Things that are here:
a +0 club; a +0 plate armour; a +0 mace
There is a stone staircase leading down here.
MP restored: 35 You climb downwards.
The cyclops shouts!
The troll shouts!
The orc priest shouts!
The orc warrior shouts!
The orc shouts! x2; The orc priest shouts!
You hear a shout! x2
An orc comes into view. It is wielding a +0 club.
An ogre mage comes into view. It is wielding a +0 club.
The orc high priest calls down the wrath of Beogh upon you.
Beogh smites you!
The troll closely misses you. x2; The troll claws you!
The troll bites you! The troll barely misses you. The troll closely misses you.
You block the cyclops's attack.
The orc warrior shouts!
There is a stone staircase leading up, spattered with blood here.
You take 31 damage, and have 59/90 hp.
MASSIVE DAMAGE!!
The troll shouts!
You hear a shout! x3
The orc warrior is no longer more vulnerable to fire.
The warg closely misses you.
The orc high priest prays to Beogh.
The troll bites you! The troll claws you! The troll misses you.
The troll barely misses you. The troll claws you! x2
* * * LOW HITPOINT WARNING * * *
The two-headed ogre hits you with a +0 giant club!!
You die...

...# ............. ## .
...........# ..## ..
oC........# #.#.## ..T
......[.###.....# ..ho
oO...o.#......#
......∩..T.oTo o#To$)OO...#
∩..o..T....4.Oo#TOo).#§...#
ooooo.....o∩.oOh@Co)####.##
....oO.O...o....oTo..# ##
...C.T...........[....#
ooOoOTO.....)))..##..#.#
.∩..........)o)... #....
..h<...T..O.o..... ...>
.o.T.........oO... ...
................... ..
##...#...o.


You could see an orc high priest, 3 two-headed ogres, an ogre mage, a deep
troll, 2 cyclopes, a hellwing (summoned), 5 trolls, 2 wargs, 5 orc warriors, 4
ogres, 2 orc priests and 11 orcs.

Vanquished Creatures
  Fannar (Lair:2)
  A hydra (Lair:3)
  An ogre mage (Orc:2)
  5 two-headed ogres
  Erica (Lair:2)
  Amaemon (Lair:1)
  A deep troll (Orc:1)
  2 orc knights (Orc:1)
  A manticore (Lair:3)
  2 elephants (Lair:2)
  A torpor snail (Lair:2)
  Maggie (Lair:2)
  A black mamba (Lair:4)
  4 cane toads
  An orange demon (Lair:1)
  10 komodo dragons
  5 trolls
  A meliai (Lair:2)
  A wind drake (Lair:3)
  3 polar bears
  Grinder (D:5)
  15 blink frogs
  3 wyverns
  A wraith (D:10)
  3 fire bats (Lair:1)
  19 yaks
  A basilisk (Lair:1)
  2 steam dragons (D:9)
  Menkaure (D:6)
  Edmund (D:6)
  An acid dragon (D:10)
  14 water moccasins
  12 orc warriors
  2 sky beasts
  An ice beast (D:6)
  4 black bears
  4 wolves (Lair:3)
  13 ogres
  2 centaurs
  A phantom (D:5)
  5 kobold brigands
  8 bullfrogs
  5 gnoll sergeants
  2 scorpions (D:5)
  2 necrophages (D:5)
  9 killer bees
  3 howler monkeys
  2 lava snakes (Lair:1)
  5 hounds
  A jelly (D:5)
  11 orc priests
  3 iguanas
  Ijyb (D:4)
  9 orc wizards
  2 hell rats (Lair:4)
  Robin (D:3)
  10 gnolls
  9 adders
  A white imp (D:7)
  2 ufetubi
  3 worms
  50 orcs
  10 ball pythons
  5 endoplasms
  3 giant cockroaches
  9 hobgoblins
  14 jackals
  2 quokkas (D:2)
  7 bats
  4 frilled lizards
  16 goblins
  15 kobolds
  5 rats
  A butterfly (D:5)
380 creatures vanquished.

Vanquished Creatures (collateral kills)
  A hydra (Lair:1)
  A two-headed ogre (Orc:2)
  2 elephants (Lair:2)
  A komodo dragon (Lair:1)
  A troll (D:9)
  2 hornets
  A centaur simulacrum (D:10)
  A wraith (D:10)
  10 yaks
  A fire bat (D:10)
  2 wargs (D:9)
  2 water moccasins
  An orc warrior (Orc:1)
  A black bear (D:10)
  2 ogres
  A wolf (Lair:3)
  A centaur (D:9)
  2 bullfrogs (D:10)
  A scorpion (D:7)
  4 killer bees
  2 orc priests (D:9)
  A gnoll bouda (D:7)
  4 orc wizards
  2 hell rats (Lair:4)
  2 gnolls
  9 orcs
  2 endoplasms (D:4)
  A kobold (D:4)
  2 butterflies (Lair:1)
63 creatures vanquished.

Vanquished Creatures (others)
  94 fungi
  87 plants
181 creatures vanquished.

Grand Total: 624 creatures vanquished

Notes
Turn   | Place    | Note
-------+----------+-------------------------------------------
     0 | D:1      | mdonais the Octopode Cinder Acolyte began the quest for the
                  | Orb.
     0 | D:1      | Reached XP level 1. HP: 16/16 MP: 2/2
    61 | D:1      | Reached skill level 1 in Stealth
   252 | D:1      | Reached XP level 2. HP: 19/21 MP: 3/3
   775 | D:1      | Learned a level 2 spell: Scorch
   908 | D:1      | Reached XP level 3. HP: 26/26 MP: 1/4
  1628 | D:2      | Reached XP level 4. HP: 31/31 MP: 1/6
  1921 | D:2      | Found an iron altar of Okawaru.
  2323 | D:3      | Learned a level 3 spell: Call Canine Familiar
  2471 | D:3      | Noticed Robin
  2544 | D:3      | Reached skill level 4 in Fire Magic
  2669 | D:3      | Reached skill level 1 in Summonings
  2669 | D:3      | Reached XP level 5. HP: 35/36 MP: 1/8
  2987 | D:3      | Found a faded altar of an unknown god.
  3009 | D:3      | Learned a level 3 spell: Swiftness
  3340 | D:3      | Killed Robin
  4022 | D:4      | Reached XP level 6. HP: 36/42 MP: 2/9
  4870 | D:4      | Reached skill level 1 in Air Magic
  5261 | D:5      | Entered Level 5 of the Dungeon
  5261 | D:5      | Noticed Ijyb
  5270 | D:4      | Killed Ijyb
  5349 | D:5      | Reached XP level 7. HP: 41/46 MP: 8/11
  5876 | D:5      | Reached skill level 5 in Summonings
  5876 | D:5      | Reached skill level 5 in Fire Magic
  5915 | D:5      | Found a staircase to the Ecumenical Temple.
  5920 | D:5      | Noticed Grinder
  5923 | Temple   | Entered the Ecumenical Temple
  5995 | D:5      | Killed Grinder
  5996 | D:5      | Reached XP level 8. HP: 22/52 MP: 4/14
  6522 | D:6      | Noticed Menkaure
  6538 | D:6      | Killed Menkaure
  6599 | D:6      | Found a shadowy altar of Dithmenos.
  6680 | D:6      | Noticed Edmund
  6840 | D:6      | Reached skill level 5 in Spellcasting
  7069 | D:6      | Found Gozag's Platinum Reserve.
  7070 | D:6      | Found an opulent altar of Gozag.
  7276 | D:6      | Killed Edmund
  7277 | D:6      | Reached XP level 9. HP: 59/59 MP: 2/16
  7455 | D:6      | Reached skill level 5 in Fighting
  8054 | D:7      | Found a transporter.
  8060 | D:7      | Found a bloodstained altar of Trog.
  8066 | D:7      | Noticed a moth of wrath
  8105 | D:7      | Found a radiant altar of Vehumet.
  8109 | D:7      | Reached skill level 1 in Evocations
  8202 | D:7      | Reached skill level 1 in Dodging
  8391 | D:7      | Found a transporter.
  8393 | D:7      | Noticed a troll
  8394 | D:7      | Noticed oldmanjim's ghost (novice HOFi)
  9064 | D:8      | Noticed a two-headed ogre
  9071 | D:8      | Killed a two-headed ogre
  9072 | D:8      | Reached skill level 5 in Stealth
  9400 | D:8      | Reached XP level 10. HP: 68/68 MP: 15/18
  9422 | D:8      | Found a broken altar of Ashenzari.
  9649 | D:8      | Found an ornate altar of the Wu Jian Council.
 10040 | D:8      | Identified the +1 pair of boots "Zish" {Regen+}
 10160 | D:8      | Found Jutseus's Demolitions Depot.
 10168 | D:8      | Bought a book of Fire for 484 gold pieces
 10186 | D:8      | Learned a level 5 spell: Fireball
 10329 | D:9      | Reached skill level 1 in Conjurations
 10737 | D:9      | Gained mutation: Your spells are a little harder to cast,
                  | but a little more powerful. [potion of mutation]
 10737 | D:9      | Gained mutation: You possess an exceptional clarity of
                  | mind. [potion of mutation]
 10886 | D:9      | Reached skill level 5 in Conjurations
 10886 | D:9      | Reached skill level 6 in Fire Magic
 11033 | D:9      | Found a staircase to the Orcish Mines.
 11035 | D:9      | Reached skill level 7 in Fire Magic
 11035 | D:9      | Reached XP level 11. HP: 64/74 MP: 20/20
 11261 | D:10     | Entered Level 10 of the Dungeon
 11261 | D:10     | Noticed a two-headed ogre
 11311 | D:10     | Reached skill level 1 in Shields
 11371 | D:10     | Killed a two-headed ogre
 11780 | D:10     | Noticed a two-headed ogre
 11782 | D:10     | Killed a two-headed ogre
 12047 | D:10     | Found a hide-covered altar of Uskayaw.
 12102 | D:10     | Found a staircase to the Lair.
 12109 | D:10     | Reached skill level 8 in Fire Magic
 12398 | D:10     | Learned a level 2 spell: Passwall
 12461 | D:10     | Found a glowing golden altar of the Shining One.
 12579 | Lair:1   | Entered Level 1 of the Lair of Beasts
 12609 | Lair:1   | HP: 2/75 [komodo dragon (25)]
 12612 | Lair:1   | Noticed a five-headed hydra
 12620 | Lair:1   | Reached skill level 1 in Earth Magic
 12622 | Lair:1   | Reached skill level 1 in Transmutations
 13089 | Lair:1   | Reached XP level 12. HP: 61/81 MP: 18/22
 13300 | Lair:1   | Noticed Amaemon
 13306 | Lair:1   | Killed Amaemon
 13545 | Lair:1   | Reached skill level 5 in Shields
 13545 | Lair:1   | Reached skill level 9 in Fire Magic
 13777 | Lair:1   | Killed a five-headed hydra
 14106 | Lair:2   | Found a hole to the Spider Nest.
 14126 | Lair:2   | Noticed Fannar
 14359 | Lair:2   | Found a transporter.
 14359 | Lair:2   | Noticed Mechanical's ghost (journeyman BaIE)
 14657 | Lair:2   | Noticed an eight-headed hydra
 14676 | Lair:2   | Noticed Maggie
 14691 | Lair:2   | Killed Maggie
 14830 | Lair:2   | Reached skill level 5 in Evocations
 15004 | Lair:2   | Reached skill level 10 in Fire Magic
 15056 | Lair:2   | Found a transporter.
 15157 | Lair:2   | Killed Fannar
 15566 | Lair:2   | Noticed Erica
 15568 | Lair:2   | Killed Erica
 15827 | Lair:2   | Reached XP level 13. HP: 88/88 MP: 21/24
 16813 | Lair:3   | Reached skill level 11 in Fire Magic
 16820 | Lair:3   | Learned a level 6 spell: Starburst
 16838 | Lair:3   | Reached skill level 1 in Throwing
 17169 | Lair:3   | Found a runed translucent door.
 17173 | Lair:3   | Identified the +8 short sword of the Six Souls {elec, rCorr
                  | Str+3 Int+4}
 17257 | Lair:3   | Found a staircase to the Shoals.
 17428 | Lair:3   | Noticed freelancePsychic's ghost (journeyman MeGl)
 18688 | Orc:1    | Entered Level 1 of the Orcish Mines
 19782 | Orc:1    | Found Raimm's Armour Boutique.
 20008 | Orc:2    | Entered Level 2 of the Orcish Mines
 20008 | Orc:2    | Found Fur Vesm's Antique Weapon Boutique.
 20008 | Orc:2    | Found a staircase to the Elven Halls.
 20259 | Orc:2    | Found Biuto's Distillery.
 20259 | Orc:2    | Found Coamnai's Antique Armour Boutique.
 20259 | Orc:2    | Found Moetehub's Book Emporium.
 20530 | Orc:1    | Reached skill level 12 in Fire Magic
 20655 | Orc:2    | Mangled by a two-headed ogre

Illustrated notes

Levels and vault maps discovered:
D:1:      dpeg_arrival_three_bigger_balls, layout_basic, grunt_decor_fettered,
          chequers_serial_rivers_marsh, minivault_27
D:2:      layout_basic, basic_altar, minmay_misc_feat_doors, minivault_27,
          hangedman_decor_diamond_cutter, kennysheep_generic_room_6
D:3:      layout_loops_ring, ebering_ecumenical_altar_box, uniq_robin
D:4:      layout_loops_ring
D:5:      layout_basic, minmay_temple_entry_butterflies, uniq_grinder, uniq_ijyb
D:6:      layout_basic, nicolae_dithmenos_through_a_glass_darkly,
          nicolae_gozag_zags_fifth_avenue, serial_co_window_serial,
          co_window_of_opportunity_a, co_window_paths_a, co_window_corner_a,
          co_window_paths_a, co_window_corner_a, co_window_2corner,
          co_window_corner_b, co_window_of_opportunity_c, co_window_broadway_c,
          uniq_menkaure, uniq_edmund
D:7:      layout_gridville, nicolae_vehumet_altar_sigil,
          gammafunk_ghost_wrathful_warriors
D:8:      layout_rooms, lemuel_doored_altar, lemuel_tele_altar,
          nicolae_blasting_shop
D:9:      layout_rooms, kennysheep_orc_monster_closet_entryway
D:10:     layout_cave_pools, nicolae_uskayaw_murder_on_the_dancefloor,
          tso_metal_star, due_lair_maze_entry_diamond
Temple:   hellmonk_temple_two_chambers
Lair:1:   layout_chaotic_city, nicolae_volcano_entry_s_turn, st_stairs_8,
          serial_bayou_shore_b, lemuel_fruit_fields,
          infiniplex_staircase_pool_2, grunt_megastairs_5, uniq_amaemon
Lair:2:   layout_loops_ring, hellmonk_spider_entry_not_the_bees,
          gammafunk_ghost_berserking_beasts, st_stairs_12, uniq_maggie,
          uniq_fannar, uniq_erica
Lair:3:   layout_loops_ring, minmay_shoals_entry_beasts,
          ebering_ghost_reflecting_pool
Lair:4:   layout_hall_layers
Orc:1:    layout_caves, serial_shops, shop_statue
Orc:2:    st_orc_open, layout_caves, serial_shops, nicolae_shop_waterfront,
          mines2_david

Skill      XL: |  1  2  3  4  5  6  7  8  9 10 11 12 13 |
---------------+----------------------------------------+-----
Stealth        | 2 3 4 5 6 7 |  7.0
Fire Magic     | 4 5 7 8 10 12 | 12.0
Spellcasting   | 2 3 4 5 6 7 9 |  9.0
Summonings     | 1 3 4 6 7 8 9 |  9.0
Air Magic      | 2 |  2.0
Fighting       | 4 5 6 7 8 9 |  9.0
Evocations     | 3 4 6 7 |  7.0
Dodging        | 2 3 4 |  4.0
Conjurations   | 6 7 8 |  8.0
Shields        | 4 5 |  5.0
Earth Magic    | 1 2 |  2.0
Transmutations | 1 2 |  2.0
Throwing       | 2 |  2.0
Short Blades   | |  3.0

Action                   |  1- 3 |  4- 6 |  7- 9 | 10-12 | 13-15 || total
-------------------------+-------+-------+-------+-------+-------++-------
Melee: Short sword       |    49 |       |       |       |     4 ||    53
       Constrict         |    13 |     8 |     4 |     2 |     2 ||    29
       Tentacles         |     6 |     4 |     1 |    10 |     4 ||    25
       Dagger            |     2 |    54 |    19 |    33 |     2 ||   110
       Punch             |       |       |     1 |       |       ||     1
 Fire: Shortbow          |       |       |       |     4 |       ||     4
Throw: Dart              |       |       |       |     5 |     1 ||     6
       Boomerang         |       |       |       |     2 |       ||     2
       Javelin           |       |       |       |       |     3 ||     3
 Cast: Scorch            |    16 |    79 |   113 |   155 |    62 ||   425
       Call Canine Famil |       |     1 |    13 |    36 |    22 ||    72
       Fireball          |       |       |       |    57 |    72 ||   129
       Passwall          |       |       |       |     2 |       ||     2
       Swiftness         |       |       |       |     1 |       ||     1
Evoke: Wand              |       |     1 |       |     2 |       ||     3
  Use: Potion            |       |     3 |     2 |     4 |     1 ||    10
       Scroll            |       |       |     8 |    12 |     3 ||    23
 Stab: Sleeping          |     4 |     2 |     1 |       |     1 ||     8
       Distracted        |       |       |     1 |       |       ||     1
Armor: Skin              |     3 |    15 |    17 |     9 |     7 ||    51
Dodge: Dodged            |    35 |    38 |    46 |    50 |    30 ||   199
Block: Buckler           |       |       |       |    16 |    14 ||    30
